 Dungeon Crawl Stone Soup version 0.17-a0-1651-gae1a69f (webtiles) character file.

2118 Gargoyl the Covered (level 9, -2/73 HPs)
             Began as a Demonspawn Abyssal Knight on Aug 14, 2015.
             Was an Elder of Lugonu.
             Slain by Erolcha
             ... wielding a +0 giant club
              (12 damage)
             ... on level 8 of the Dungeon.
             The game lasted 00:12:19 (5977 turns).

Gargoyl the Covered (Demonspawn Abyssal Knight)     Turns: 5977, Time: 00:12:20

Health: -2/73      AC: 16    Str: 15    XL:     9   Next: 8%
Magic:  0/12       EV:  6    Int: 13    God:    Lugonu [****..]
Gold:   284        SH:  0    Dex: 14    Spells: 0 memorised, 8 levels left

rFire  . . .     SeeInvis .     A - +4 war axe
rCold  . . .     Clarity  .     b - +1 plate armour
rNeg   . . .     SustAt   .     (no shield)
rPois  .         Gourm    .     (no helmet)
rElec  .         Spirit   +     a - +0 cloak
rCorr  .         Warding  .     (no gloves)
rMut   .         Stasis   .     (boots unavailable)
MR     +....                    k - amulet of guardian spirit
Stlth  ..........               (no ring)
                                l - ring of protection from magic

@: somewhat resistant to hostile enchantments, extremely unstealthy
A: hooves 3, rugged brown scales 1, nightstalker 1, spiny 1
a: Depart the Abyss, Bend Space, Banish, Corrupt, Renounce Religion


You were on level 8 of the Dungeon.
You worshipped Lugonu.
Lugonu was greatly pleased with you.
You were not hungry.

You visited 1 branch of the dungeon, and saw 8 of its levels.
You visited the Abyss 1 time.

You collected 284 gold pieces.

Inventory:

Hand weapons
 A - a +4 war axe (weapon)
Armour
 a - a +0 cloak (worn)
 b - a +1 plate armour (worn)
Jewellery
 k - an amulet of guardian spirit (around neck)
 l - a ring of protection from magic (left hand)
 s - an uncursed amulet of resist mutation
 B - an uncursed ring of wizardry {unknown}
Magical devices
 y - a wand of lightning (6)
 z - a wand of cold (4)
 C - a wand of flame (5)
 E - a wand of frost (32)
Scrolls
 i - 2 scrolls of teleportation
 j - 3 scrolls of recharging
 n - 3 scrolls of remove curse
 t - a scroll of enchant armour
Potions
 d - 2 potions of brilliance {unknown}
 e - a potion of invisibility {unknown}
 f - a potion of magic {unknown}
 g - a potion of haste {unknown}
 h - a potion of cure mutation {unknown}
 m - a potion of ambrosia {unknown}
 o - 2 potions of flight {unknown}
 r - a potion of might {unknown}
 u - 3 potions of curing {unknown}
 v - a potion of degeneration {unknown}
 w - 2 potions of poison {unknown}
 x - 2 potions of agility
 D - a potion of mutation {unknown}
Comestibles
 c - 6 bread rations
 p - a royal jelly
 q - 4 meat rations
 F - 5 chunks of flesh
 G - 7 beef jerkies


   Skills:
 + Level 6.7 Fighting
 + Level 5.0 Axes
 + Level 7.5 Armour
 + Level 2.5 Dodging
 + Level 0.2 Stealth
 + Level 4.2 Invocations


You had 8 spell levels left.
You didn't know any spells.

Dungeon Overview and Level Annotations

Branches:
Dungeon (8/15)             Temple (0/1) D:7
   Lair: D:8-11

Altars:
Ashenzari
Dithmenos
Elyvilon
Fedhas
Okawaru
Qazlal
Xom
The Shining One

Shops:
D:7 :

Annotations:
D:8 Erolcha


Innate Abilities, Weirdness & Mutations

You have hooves in place of feet.
You are partially covered in rugged brown scales (AC +1, +3% HP).
You are slightly more attuned to the shadows.
You are partially covered in sharp spines.


Message History

Lugonu accepts your kill. The gnoll closely misses you.
You hit Erolcha.
Erolcha is lightly wounded.
Erolcha gestures at you while chanting. The crystal spear hits you!
The gnoll hits you but does no damage. Erolcha closely misses you.
The gnoll hits you from afar with a halberd!
You slice Erolcha!! Your kick misses Erolcha.
Erolcha is heavily wounded.
The gnoll barely misses you. Erolcha hits you with a giant club!!
* * * LOW HITPOINT WARNING * * *
A phantom comes into view.
Your plate armour prevents you from hitting Erolcha.
You kick Erolcha, but do no damage.
Erolcha is heavily wounded.
The gnoll hits you but does no damage. The gnoll closely misses you.
Erolcha tries to grin evilly.
Erolcha hits you with a giant club!
You die...

####### #.....#
#.....####
###........
.........#
........g########
.....W.gZO@......
....#+##g###.####
.. ...# # #.####
#


You could see Erolcha, a phantom, 3 gnolls and a giant gecko skeleton.

Vanquished Creatures
  Pikel (D:4)
  Grinder (D:4)
  4 slaves (D:4)
  3 ice beasts
  2 ogres
  A big kobold (D:7)
  A giant frog (D:4)
  A water moccasin zombie (D:7)
  A scorpion (D:8)
  A crimson imp (D:5)
  A centaur zombie (D:7)
  A hound (D:6)
  A wasp zombie (D:7)
  2 orc wizards (D:3)
  2 giant frog skeletons
  3 iguanas (D:5)
  6 worker ants
  12 adders
  11 gnolls
  A shadow imp (D:6)
  2 adder skeletons (D:6)
  4 giant geckos
  10 orcs
  5 bats
  3 giant cockroaches
  5 hobgoblins
  5 ball pythons
  A ball python skeleton (D:4)
  3 giant newts
  13 goblins
  6 jackals
  13 kobolds
  3 quokkas
  5 rats
134 creatures vanquished.

Notes
Turn   | Place    | Note
--------------------------------------------------------------
     0 | Abyss:1  | Gargoyl the Demonspawn Abyssal Knight began the quest for the Orb.
     0 | Abyss:1  | Reached XP level 1. HP: 18/18 MP: 2/2
    52 | Abyss:1  | Noticed a brain worm
    73 | Abyss:1  | Noticed a shadow
   105 | Abyss:1  | Noticed a neqoxec
   107 | Abyss:1  | Noticed a hellwing
   120 | Abyss:1  | Noticed a large abomination
   120 | Abyss:1  | Noticed a small abomination
   125 | D:1      | Escaped the Abyss
   276 | D:1      | Reached skill level 1 in Dodging
   491 | D:1      | Gained mutation: You are slightly more attuned to the shadows. [demonic ancestry]
   491 | D:1      | Reached XP level 2. HP: 17/24 MP: 3/3
   693 | D:1      | Acquired Lugonu's first power
  1439 | D:2      | Gained mutation: You are partially covered in sharp spines. [demonic ancestry]
  1439 | D:2      | Reached XP level 3. HP: 29/29 MP: 5/5
  1803 | D:2      | Reached XP level 4. HP: 36/36 MP: 6/6
  2001 | D:2      | Acquired Lugonu's second power
  2342 | D:3      | Reached XP level 5. HP: 34/42 MP: 7/7
  2385 | D:3      | Reached skill level 4 in Invocations
  2725 | D:3      | Acquired Lugonu's third power
  2888 | D:3      | Found an iron altar of Okawaru.
  2888 | D:3      | Found a blossoming altar of Fedhas.
  3065 | D:4      | Noticed Grinder
  3074 | D:4      | Killed Grinder
  3074 | D:4      | Gained mutation: You are partially covered in rugged brown scales (AC +1, +3% HP). [demonic ancestry]
  3074 | D:4      | Reached XP level 6. HP: 36/50 MP: 5/9
  3137 | D:4      | Noticed a slave
  3138 | D:4      | Noticed a slave
  3139 | D:4      | Noticed Pikel
  3139 | D:4      | Noticed a slave
  3139 | D:4      | Noticed a slave
  3146 | D:4      | Killed a slave
  3147 | D:4      | Killed a slave
  3148 | D:4      | Killed a slave
  3155 | D:4      | Killed a slave
  3158 | D:4      | Killed Pikel
  3158 | D:4      | Reached skill level 5 in Fighting
  3158 | D:4      | Reached skill level 5 in Armour
  3158 | D:4      | Gained mutation: You have large cloven feet. [demonic ancestry]
  3158 | D:4      | Reached XP level 7. HP: 18/57 MP: 3/10
  3724 | D:4      | Gained mutation: You have hoof-like feet. [demonic ancestry]
  3724 | D:4      | Reached XP level 8. HP: 61/64 MP: 11/11
  3815 | D:5      | Entered Level 5 of the Dungeon
  3847 | D:5      | Found a glowing golden altar of the Shining One.
  4173 | D:5      | Reached skill level 6 in Armour
  4521 | D:5      | Acquired Lugonu's fourth power
  4528 | D:5      | Found a shadowy altar of Dithmenos.
  4690 | D:6      | Found a white marble altar of Elyvilon.
  5389 | D:6      | Found a shattered altar of Ashenzari.
  5549 | D:7      | Found a stormy altar of Qazlal.
  5558 | D:7      | Found Roonk's Book Shop.
  5600 | D:7      | Found a staircase to the Ecumenical Temple.
  5644 | D:7      | Found a shimmering altar of Xom.
  5740 | D:7      | Reached skill level 7 in Armour
  5790 | D:7      | Reached skill level 5 in Axes
  5814 | D:7      | Gained mutation: You have hooves in place of feet. [demonic ancestry]
  5814 | D:7      | Reached XP level 9. HP: 71/73 MP: 10/12
  5957 | D:7      | You fall through a shaft!
  5957 | D:8      | Noticed Erolcha
  5977 | D:8      | Slain by Erolcha

Vault maps used:
D:1:      dpeg_arrival_pond, serial_forest, infiniplex_forest_clump_tiny,
          infiniplex_forest_zigzag_2, infiniplex_forest_straight_3,
          infiniplex_forest_clump_small, infiniplex_forest_straight_2,
          infiniplex_forest_lined_3, st_stairs_10
D:2:      kennysheep_doodads
D:3:      gammafunk_temple_overflow_elements
D:4:      first_bread, uniq_grinder, uniq_pikel
D:5:      kennysheep_little_box, lemuel_round_altar
D:6:      ashenzari_altar_1, lemuel_crystal_altar, minmay_crossroads
D:7:      old_standard_altar, minmay_temple_entry_mist, serial_shops, shop,
          basic_altar, grunt_ogre_cave, lemuel_statue_altar
D:8:      minivault_22, jmf_multi_god_temple2, uniq_erica, uniq_psyche,
          uniq_grum, uniq_erolcha

Action                   |  1- 3 |  4- 6 |  7- 9 || total
-------------------------+-------+-------+-------++-------
Melee: Hand axe          |    70 |    44 |       ||   114
       War axe           |       |    48 |   145 ||   193
Invok: Depart the Abyss  |     1 |       |       ||     1
  Use: Scroll            |       |    12 |     4 ||    16
  Eat: Bread ration      |     1 |       |     1 ||     2
       Chunk             |       |     2 |     1 ||     3
       Beef jerky        |       |     1 |     1 ||     2
       Pizza             |       |       |     1 ||     1
